 Dungeon Crawl Stone Soup version 0.29.1-1-gd02db6906a (console) character file.

Game seed: 9735954939739021109

628 om the Slasher (level 7, -4/57 HPs)
             Began as a Palentonga Fighter on Oct 18, 2022.
             Was an Initiate of the Shining One.
             Slain by an orc
             ... wielding a +0 trident
              (5 damage)
             ... on level 5 of the Dungeon.
             The game lasted 00:09:25 (5727 turns).

om the Slasher (Palentonga Fighter)                 Turns: 5727, Time: 00:09:25

Health: -4/57      AC: 15    Str: 22    XL:     7   Next: 23%
Magic:  7/7        EV:  8    Int:  8    God:    the Shining One [......]
Gold:   220        SH:  4    Dex: 11    Spells: 6/6 levels left

rFire   . . .      SeeInvis +   a - +0 long sword
rCold   + . .      Faith    .   c - +0 buckler
rNeg    . . .      Spirit   .   b - +0 scale mail
rPois   .          Reflect  .   (no helmet)
rElec   .          Harm     .   i - +0 cloak
rCorr   .          Rampage  .   (no gloves)
Will    .....                   (no barding)
Stlth   ..........              (no amulet)
HPRegen 0.19/turn               m - ring of protection from cold
MPRegen 0.10/turn               (no ring)

@: lethally poisoned (-4 -> -5), attractive, glowing, curled up
A: large, rugged brown scales 3, see invisible, deformed body, roll 1, armoured
tail, reflexive curl
a: Rolling Charge, Renounce Religion


You were on level 5 of the Dungeon.
You worshipped the Shining One.
The Shining One was noncommittal.
You visited 1 branch of the dungeon, and saw 5 of its levels.

You collected 220 gold pieces.

Inventory:

Hand Weapons
 a - a +0 long sword (weapon)
 l - a +1 short sword of protection
 p - a +0 falchion
Armour
 b - a +0 scale mail (worn)
 c - a +0 buckler (worn)
 i - a +0 cloak (worn)
Jewellery
 m - a ring of protection from cold (left hand)
Wands
 e - a wand of polymorph (7)
Scrolls
 d - a scroll of silence {unknown}
 f - a scroll of fear
 h - 3 scrolls of magic mapping {unknown}
 j - a scroll of torment {unknown}
 k - 2 scrolls of teleportation
 n - 2 scrolls of amnesia {unknown}
 o - a scroll of poison {unknown}
 q - a scroll of vulnerability {unknown}


   Skills:
 - Level 4.0 Fighting
 * Level 4.6 Long Blades
 + Level 3.5 Armour
 * Level 3.2 Dodging
 + Level 3.7 Shields


You had 6 spell levels left.
You didn't know any spells.
Your spell library contained the following spells:

 Spells                   Type           Power      Damage    Failure   Level
 Ensorcelled Hibernation  Hex/Ice        0%         N/A       91%         2
 Spider Form              Tmut/Pois      0%         N/A       99%         3
 Anguish                  Hex/Necr       0%         N/A       100%        4


Dungeon Overview and Level Annotations

Branches:
Dungeon (5/15)
 Temple: D:4-7

Altars:
Dithmenos
Sif Muna
The Shining One

Shops:
D:4 =

Annotations:
D:4 exclusion: door


Innate Abilities, Weirdness & Mutations

You are completely covered in rugged brown scales. (AC +3, +7% HP)
You have supernaturally acute eyesight. (SInv)
Armour fits poorly on your strangely shaped body.
You can roll at nearby foes to attack.
You have a long armoured tail.
You curl defensively after being hit. (AC +7*)


Message History

The orc priest is moderately wounded.
You feel less confused.
You feel very sick. The phantom hits you.
* * * LOW HITPOINT WARNING * * *
The phantom blinks!
You blink.
It was a potion of attraction.
You feel attractive to monsters.
You feel very sick. The phantom barely misses you.
The orc priest is attracted toward you. The orc wizard is attracted toward you.
You are too injured to fight recklessly!
You aren't carrying any potions.
As you read the scroll of fear, it crumbles to dust.
You assume a fearsome visage.
The orc wizard looks frightened!
The orc priest looks frightened!
The phantom is unaffected.
You feel sick.
The phantom hits you but does no damage.
The orc wizard gestures wildly while chanting.
The orc wizard flickers and vanishes for a moment.
The orc wizard is attracted toward you. The orc priest is attracted toward you.
The orc is attracted toward you.
You are too injured to fight recklessly!
You hit the phantom.
Your tail-slap misses the phantom.
The phantom is moderately damaged.
You feel sick. The phantom hits you.
* * * LOW HITPOINT WARNING * * *
The phantom blinks!
You blink.
The orc wizard is attracted toward you. The orc is attracted toward you.
Unknown command.
Found a robe.
Found a shadowy altar of Dithmenos.
* * * LOW HITPOINT WARNING * * *
You feel sick.
The phantom hits you but does no damage.
The orc wizard is attracted toward you.
* * * LOW HITPOINT WARNING * * *
You feel sick. The orc is attracted toward you.
* * * LOW HITPOINT WARNING * * *
You feel sick.
The orc hits you from afar with a +0 trident.
You die...

#..# #. #### #..#
.. .... ##...#
#..# .# ....
##.....###..#..#
#....
#.......#.....#
#...#
#.#._.#.#...§.#
#...#
..##.##..o.#..§##
##..#
...###.W.o##
#o§###...#
.......@.##
##.§#...# #
........##
##§§§o.###
###.....#
##.§§.... #......
#..###...
........ #..##
##.. ......[.##
<..# ##...
#####...# ##..
###.... #....
##.##......
#.........


You could see a phantom, an orc wizard (invisible) and an orc.

Vanquished Creatures
  Sigmund (D:4)
  Duvessa (D:4)
  A scorpion (D:4)
  Dowan (D:4)
  2 orc priests (D:4)
  2 orc wizards (D:3)
  Robin (D:2)
  6 adders
  2 dart slugs (D:2)
  7 orcs
  4 bats
  7 endoplasms
  A giant cockroach (D:1)
  10 goblins
  6 hobgoblins
  5 jackals
  6 kobolds
  4 quokkas
  8 ball pythons
  4 frilled lizards
  5 rats
84 creatures vanquished.

Notes
Turn   | Place    | Note
-------+----------+-------------------------------------------
     0 | D:1      | om the Palentonga Fighter began the quest for the Orb.
     0 | D:1      | Reached XP level 1. HP: 19/19 MP: 1/1
    88 | D:1      | Found a faded altar of an unknown god.
   116 | D:1      | Reached XP level 2. HP: 17/25 MP: 2/2
   422 | D:1      | Reached skill level 1 in Dodging
   843 | D:2      | Reached XP level 3. HP: 31/31 MP: 3/3
  1610 | D:2      | Noticed Robin
  1615 | D:2      | Reached XP level 4. HP: 34/37 MP: 4/4
  1617 | D:2      | Killed Robin
  2652 | D:3      | Found a glowing golden altar of the Shining One.
  2943 | D:3      | Became a worshipper of the Shining One
  3004 | D:4      | Found Zizari's One-of-a-Kind Rings.
  3010 | D:4      | Noticed Sigmund
  3266 | D:4      | Killed Sigmund
  3267 | D:4      | Reached XP level 5. HP: 13/44 MP: 5/5
  3267 | D:4      | Reached XP level 6. HP: 15/51 MP: 6/6
  3515 | D:4      | Noticed Dowan
  3521 | D:4      | Noticed Duvessa
  4264 | D:4      | HP: 1/76 [Duvessa/+0 short sword (4)]
  4265 | D:4      | Killed Duvessa
  4266 | D:4      | The Shining One protects you from harm!
  4267 | D:4      | Killed Dowan
  4268 | D:4      | Gained mutation: You curl defensively after being hit. (AC
                  | +7*) [Palentonga growth]
  4268 | D:4      | Reached XP level 7. HP: 2/57 MP: 7/7
  5511 | D:4      | Found a shimmering blue altar of Sif Muna.
  5647 | D:5      | Entered Level 5 of the Dungeon
  5725 | D:5      | Found a shadowy altar of Dithmenos.
  5726 | D:5      | HP: 2/57 [poisoned by an orc priest]
  5727 | D:5      | Slain by an orc

Illustrated notes

Levels and vault maps discovered:
D:1:      dpeg_arrival_prison, layout_rooms,
          hellmonk_ecumenical_altar_heavens_door
D:2:      layout_loops_corners, grunt_ministairs_14, uniq_robin
D:3:      layout_basic, lemuel_coloured_pillars_altar
D:4:      layout_rooms, led_sif_book, nicolae_shop_unique_rings, uniq_duvessa,
          uniq_sigmund
D:5:      layout_layer_cave, overflow_temple_1_default,
          gammafunk_temple_overflow_pools, elyvilon_altar_4,
          nicolae_dithmenos_through_a_glass_darkly, serial_shops, shop,
          hangedman_decor_opposing

Skill      XL: |  1  2  3  4  5  6 |
---------------+-------------------+-----
Dodging        | 1 2 3 |  3.2
Shields        | 3 |  3.7
Long Blades    | 3 4 |  4.6
Armour         | 3 |  3.5
Fighting       | 4 |  4.0

Action                   |  1- 3 |  4- 6 |  7- 9 || total
-------------------------+-------+-------+-------++-------
Melee: Long sword        |   109 |   157 |    47 ||   313
       Tailslap          |    13 |    17 |     4 ||    34
 Abil: Rolling Charge    |    25 |    16 |     8 ||    49
  Use: Scroll            |     3 |     4 |     2 ||     9
       Potion            |     1 |     3 |     1 ||     5
Armor: Scale mail        |    61 |    85 |    39 ||   185
Dodge: Dodged            |    43 |    88 |    31 ||   162
Block: Buckler           |    21 |    35 |     8 ||    64
